 Dungeon Crawl Stone Soup version 0.23.0-3-gf3c87f2 (webtiles) character file.

Game seed: 17084525088564871534

84 Hasart the Slasher (level 4, 0/36 HPs)
             Began as a Demigod Gladiator on Feb 24, 2019.
             Slain by an orc priest
             ... wielding a +0 club
              (6 damage)
             ... on level 2 of the Dungeon.
             The game lasted 00:04:30 (2519 turns).

Hasart the Slasher (Demigod Gladiator)              Turns: 2519, Time: 00:04:31

Health: 0/36       AC:  5    Str: 19    XL:     4   Next: 3%
Magic:  6/6        EV: 12    Int: 12    God:
Gold:   83         SH:  4    Dex: 17    Spells: 3/3 levels left

rFire    . . .     SeeInvis .   a - +0 long sword
rCold    . . .     Gourm    .   k - +0 buckler
rNeg     . . .     Faith    .   b - +0 leather armour
rPois    .         Spirit   .   l - +0 helmet (curse)
rElec    .         Reflect  .   (no cloak)
rCorr    .         Harm     .   (no gloves)
MR       .....                  r - +0 pair of boots
Stlth    +.........             (no amulet)
HPRegen  0.12/turn              (no ring)
MPRegen  0.10/turn              (no ring)

@: no status effects
A: high mp 1
a: no special abilities


You were on level 2 of the Dungeon.
You were not hungry.

You visited 1 branch of the dungeon, and saw 3 of its levels.

You collected 83 gold pieces.

Inventory:

Hand Weapons
 a - a +0 long sword (weapon)
Missiles
 d - 3 throwing nets (quivered)
Armour
 b - a +0 leather armour (worn)
 c - a +0 helmet
 k - a +0 buckler (worn)
 l - a cursed +0 helmet (worn)
 r - a +0 pair of boots (worn)
Scrolls
 h - 2 scrolls of remove curse {unknown}
 n - 2 scrolls of identify {unknown}
 o - 2 scrolls of teleportation {unknown}
 p - 2 scrolls of enchant weapon {unknown}
Potions
 e - a potion of might {unknown}
 g - a potion of mutation {unknown}
 i - 2 potions of curing {unknown}
 j - 2 potions of heal wounds {unknown}
 m - a potion of agility {unknown}
Comestibles
 f - 4 rations


   Skills:
 + Level 2.2 Fighting
 * Level 3.4 Long Blades
 + Level 2.2 Throwing
 + Level 0.9 Armour
 + Level 3.0 Dodging
 + Level 1.0 Shields


You had 3 spell levels left.
You didn't know any spells.
Your spell library was empty.

Dungeon Overview and Level Annotations

Branches:
Dungeon (3/15)

Annotations:
D:3 3 runed translucent doors, Frank's ghost, amateur OpFi; Scud's ghost, amateur SpVM; Scud's ghost, weakling TeSu


Innate Abilities, Weirdness & Mutations

You have an increased reservoir of magic. (+10% MP)


Message History

Level annotation: 3 runed translucent doors, Frank's ghost, amateur OpFi; Scud's ghost, amateur SpVM; Scud's ghost, weakling TeSu The orc priest mumbles some strange prayers to Beogh against you.
Beogh smites you!
There is a stone staircase leading up here.
Unknown command.
There are monsters nearby!
Unknown command.
The orc priest calls down the wrath of Beogh upon you.
Beogh smites you!
* * * LOW HITPOINT WARNING * * *
You climb upwards.
There is a stone staircase leading down here.
Unknown command.
Unknown command.
Unknown command.
Unknown command.
You slash the orc priest!
The orc priest is heavily wounded.
The orc priest hits you with a +0 club.
You die...

#.#..........#.###..# #
#.......#.##.##...#.# #
#.#.#####...........#
#.#.########.##..####
#.......# #.##..#
#.#.###.# #)##..## #.#)#
#.# #.##..(#######
#.#.###.####.##...##.....
#.#....[@o........##.####
#.......).......####.####
#######.####.............
#.# ##.#.#.##)#### #.#
#.#.#.##[....
#.#####.#.#.##.<###
#..................
#######.....##..##.
###....>.....


You could see an orc priest.

Vanquished Creatures
  An adder (D:2)
  An ooze (D:1)
  2 worms (D:2)
  2 dart slugs
  A leopard gecko (D:2)
  3 orcs
  3 giant cockroaches
  7 hobgoblins
  10 jackals
  4 kobolds
  A quokka (D:2)
  7 bats
  A frilled lizard (D:1)
  4 goblins
  5 rats
52 creatures vanquished.

Vanquished Creatures (others)
  A withered plant (D:3)
1 creature vanquished.

Grand Total: 53 creatures vanquished

Notes
Turn   | Place    | Note
-------+----------+-------------------------------------------
     0 | D:1      | Hasart the Demigod Gladiator began the quest for the Orb.
     0 | D:1      | Reached XP level 1. HP: 17/17 MP: 3/3
   182 | D:1      | Reached XP level 2. HP: 10/24 MP: 4/4
  1231 | D:2      | Reached XP level 3. HP: 22/29 MP: 5/5
  2102 | D:3      | Reached skill level 1 in Shields
  2441 | D:3      | Found a runed translucent gate.
  2441 | D:3      | Found a runed translucent gate.
  2443 | D:3      | Found a runed translucent gate.
  2445 | D:3      | Noticed Frank's ghost (amateur OpFi)
  2445 | D:3      | Noticed Scud's ghost (weakling TeSu)
  2445 | D:3      | Noticed Scud's ghost (amateur SpVM)
  2479 | D:2      | Reached XP level 4. HP: 31/36 MP: 6/6
  2519 | D:2      | Slain by an orc priest

Skill      XL: |  1  2  3 |
---------------+----------+-----
Throwing       | 2 |  2.2
Long Blades    | 3 |  3.4
Fighting       | 2 |  2.2
Dodging        | 3 |  3.0
Shields        | 1 |  1.0
Armour         | |  0.9

Action                   |  1- 3 |  4- 6 || total
-------------------------+-------+-------++-------
Melee: Long sword        |   145 |     4 ||   149
 Stab: Sleeping          |     5 |       ||     5
  Eat: Chunk             |     5 |       ||     5
Armor: Leather armour    |    53 |     2 ||    55
Dodge: Dodged            |   108 |       ||   108
Block: Buckler           |    41 |       ||    41
       Rpst.: Long sword |    37 |       ||    37
